 Dungeon Crawl Stone Soup version 0.22-a0-499-g80674aa (webtiles) character file.

23 JeffiDaFish the Caller (level 2, 0/20 HPs)
             Began as a Hermit Crab Summoner on Feb 5, 2019.
             Slain by a worm (4 damage)
             ... on level 2 of the Dungeon on Feb 6, 2019.
             The game lasted 00:05:21 (990 turns).

JeffiDaFish the Caller (Hermit Crab Summoner)        Turns: 990, Time: 00:05:22

Health: 0/20       AC:  2    Str:  7 (8)  XL:     2   Next: 95%
Magic:  5/7        EV: 12    Int: 16 (17) God:
Gold:   0          SH:  0    Dex:  8 (11) Spells: 4/7 levels left

rFire    . . .     SeeInvis .   (no weapon)
rCold    . . .     Gourm    .   (no shield)
rNeg     . . .     Faith    .   a - +0 robe
rPois    .         Spirit   .   (helmet unavailable)
rElec    .         Reflect  .   (no cloak)
rCorr    .         Harm     .   (gloves unavailable)
MR       .....                  (boots unavailable)
Stlth    ++........             (no amulet)
HPRegen  0.06/turn              (no ring)
MPRegen  0.10/turn              (no ring)

@: no status effects
A: pincers, sturdy frame 3
a: no special abilities


You were on level 2 of the Dungeon.
You were not hungry.

You visited 1 branch of the dungeon, and saw 2 of its levels.

Inventory:

Armour
 a - a +0 robe (worn)
Scrolls
 e - 2 scrolls of identify
Books
 b - a book of Callings

   Spells                             Type                      Level
   a - Summon Small Mammal            Summoning                    1
   b - Call Imp                       Summoning                    2
   c - Call Canine Familiar           Summoning                    3
   d - Summon Guardian Golem          Hexes/Summoning              3
   e - Summon Lightning Spire         Summoning/Air                4
   f - Summon Ice Beast               Ice/Summoning                4
Comestibles
 c - 5 rations
 d - 4 chunks of flesh


   Skills:
 + Level 0.7 Fighting
 + Level 2.5 Dodging
 - Level 2.0 Stealth
 * Level 3.3 Spellcasting
 * Level 4.7 Summonings


You had 4 spell levels left.
You knew the following spells:

 Your Spells              Type           Power        Failure   Level  Hunger
a - Summon Small Mammal   Summ           ###.         2%          1    None
b - Call Imp              Summ           ###.....     4%          2    ##.....


Dungeon Overview and Level Annotations

Branches:
Dungeon (2/15)

Altars:


Innate Abilities, Weirdness & Mutations

Your physical structure is perfection and can not be permanently altered.
You have pincers for hands.
Your movements are significantly less encumbered by armour. (ER -6)


Message History

Your rat bites the worm but does no damage.
You scratch the worm.
The worm is severely wounded.
The hobgoblin hits your rat with a club.
Your rat dies!
Your rat's corpse disappears in a puff of smoke!
The worm bites you!
* * * LOW HITPOINT WARNING * * *
You scratch the worm but do no damage.
The worm is heavily wounded.
The hobgoblin closely misses your quokka.
Your quokka barely misses the worm.
The worm barely misses you.
You scratch the worm.
The worm is severely wounded.
Your quokka barely misses the worm.
The hobgoblin hits your quokka but does no damage.
You scratch the worm.
The worm is severely wounded.
The worm bites you.
You die...

### ... ..
.. ##. .##
..#.. ...
###.####
#...gr.#####
#..r@w......
#.#.##......
8... #.#.#
####. ##>##
#.#.# #. .#
##### #.#.#
###.## .#
...# #.#.#
......###.#
..# #.#..
........#.#
#.# #.###
..........#
#.###.###.#
.......<..#


You could see a worm, a hobgoblin, a friendly quokka and a friendly rat.

Vanquished Creatures
  A giant cockroach (D:1)
  A hobgoblin (D:1)
  4 bats
  2 rats
8 creatures vanquished.

Vanquished Creatures (collateral kills)
  An adder (D:2)
  A dart slug (D:2)
  2 leopard geckos (D:1)
  2 bats
  A frilled lizard (D:1)
  4 kobolds
11 creatures vanquished.

Grand Total: 19 creatures vanquished

Notes
Turn   | Place    | Note
-------+----------+-------------------------------------------
     0 | D:1      | JeffiDaFish the Hermit Crab Summoner began the quest for the Orb.
     0 | D:1      | Reached XP level 1. HP: 13/13 MP: 5/5
   362 | D:1      | Reached XP level 2. HP: 14/19 MP: 7/7
   638 | D:1      | Learned a level 2 spell: Call Imp
   990 | D:2      | Slain by a worm

Vault maps used:
D:1:      dpeg_chamrin_arrival_tetris
D:2:      okawaru_altar_gauntlet_db, nicolae_overflow_hidden_temple,
          chequers_ecumenical_altar_island

Skill      XL: |  1 |
---------------+----+-----
Spellcasting   | 3 |  3.3
Fighting       | |  0.7
Dodging        | |  2.5
Stealth        | |  2.0
Summonings     | |  4.7

Action                   || total
-------------------------++-------
Melee: Unarmed           ||    58
 Cast: Summon Small Mamm ||    33
       Call Imp          ||     2
  Use: Scroll            ||     5
       Potion            ||     3
 Stab: Sleeping          ||     1
Armor: Robe              ||    23
Dodge: Dodged            ||    42

Table legend:
 A = Spawn XP
 B = Non-spawn XP
 C = Spawn XP percentage of total XP
 D = Spawn monster count
 E = Non-spawn monster count
 F = Spawn count percentage of total count
 G = Total turns spent on level
                    A         B        C        D         E        F      G
               +---------+---------+-------+---------+---------+-------+---------
         Total |       0 |      33 |   0.0 |       0 |      19 |   0.0 |   990
               +---------+---------+-------+---------+---------+-------+---------
           D:1 |       0 |      17 |   0.0 |       0 |      13 |   0.0 |   876
           D:2 |       0 |      16 |   0.0 |       0 |       6 |   0.0 |   114
               +---------+---------+-------+---------+---------+-------+---------
